 Dungeon Crawl Stone Soup version 0.28-a0-938-gbc3f381ebc (webtiles) character file.

Game seed: 14224321222094948830

254 Htamos the Caller (level 6, -1/42 HPs)
             Began as an Octopode Summoner on Nov 28, 2021.
             Slain by an orc wizard (2 damage)
             ... on level 4 of the Dungeon.
             The game lasted 00:09:59 (3895 turns).

Htamos the Caller (Octopode Summoner)               Turns: 3895, Time: 00:09:59

Health: -1/42      AC:  1    Str:  5 (7)  XL:     6   Next: 14%
Magic:  10/10      EV: 11    Int: 17 (18) God:
Gold:   122        SH: 12    Dex: 12 (14) Spells: 5/11 levels left

rFire   . . .      SeeInvis .   g - +1 dagger (protect)
rCold   . . .      Faith    .   f - +0 kite shield
rNeg    . . .      Spirit   .   (helmet restricted)
rPois   .          Reflect  +   a - amulet of reflection
rElec   .          Harm     .   (no ring)
rCorr   .          Rampage  .   (no ring)
Will    .....                   (no ring)
Stlth   +++.......              (no ring)
HPRegen 0.14/turn               (no ring)
MPRegen 0.12/turn               (no ring)
                                (no ring)
                                (no ring)

@: mighty, attractive, flying
A: almost no armour, amphibious, 8 rings, camouflage 1, gelatinous body 1,
(nimble swimmer 1), tentacles
a: no special abilities


You were on level 4 of the Dungeon.
You visited 1 branch of the dungeon, and saw 4 of its levels.

You collected 122 gold pieces.

Inventory:

Hand Weapons
 b - a +0 club
 g - a +1 dagger of protection (weapon)
Armour
 f - a +0 kite shield (worn)
Jewellery
 a - an amulet of reflection (around mantle)
 j - a ring of ice
Scrolls
 c - a scroll of magic mapping {unknown}
 h - 2 scrolls of silence {unknown}
 i - a scroll of enchant armour {unknown}
 l - a scroll of amnesia {unknown}
 m - a scroll of teleportation {unknown}


   Skills:
 * Level 3.2 Fighting
 + Level 3.1 Dodging
 - Level 2.9 Stealth
 + Level 1.6 Shields
 + Level 3.0 Spellcasting
 + Level 4.6 Summonings


You had 5 spell levels left.
You knew the following spells:

 Your Spells              Type           Power      Damage    Failure   Level
a - Summon Small Mammal   Summ           72%        N/A       14%         1
b - Call Imp              Summ           18%        N/A       22%         2
c - Call Canine Familiar  Summ           18%        N/A       38%         3

Your spell library contained the following spells:

 Spells                   Type           Power      Damage    Failure   Level
 Slow                     Hex            8%         N/A       67%         1
 Summon Guardian Golem    Hex/Summ       10%        N/A       73%         3
 Confusing Touch          Hex            2%         N/A       96%         3
 Vampiric Draining        Necr           2%         2d6       96%         3
 Summon Lightning Spire   Summ/Air       10%        N/A       98%         4


Dungeon Overview and Level Annotations

Branches:
Dungeon (4/15)
 Temple: D:4-7

Altars:
Trog
Yredelemnul

Annotations:
D:3 2 transporters, Tarias's ghost, amateur DsVM


Innate Abilities, Weirdness & Mutations

You cannot wear most types of armour.
You are amphibious.
You can wear up to eight rings at the same time.
Your skin changes colour to match your surroundings (Stealth+).
Your rubbery body absorbs attacks. (AC +1, EV +1)
((You are camouflaged near water. (Stealth+)))
You have tentacles for arms and can constrict up to eight enemies at once.


Message History

You barely miss something. Something hits you.
You hit something but do no damage.
Your weapon exudes an aura of protection.
You hear some strange, mumbled words.
Something tries to affect you, but you resist.
You hit something. You block something's attack.
You hit something.
You hear some strange, mumbled words.
A magic dart appears from out of thin air!
The magic dart hits you!
* * * LOW HITPOINT WARNING * * *
You block something's attack.
Unknown command.
You feel very mighty all of a sudden.
You hear some strange, mumbled words.
You are confused.
You bump into the rock wall.
Something hits you but does no damage.
You're too confused to move!
You hear some strange, mumbled words.
A magic dart appears from out of thin air!
The magic dart hits you!
* * * LOW HITPOINT WARNING * * *
Unknown command.
It was a potion of degeneration.
There was something very wrong with that liquid.
You feel weakened.
You feel dopey.
You feel clumsy.
It was a potion of attraction.
You feel attractive to monsters. Something hits you.
* * * LOW HITPOINT WARNING * * *
It was a potion of flight.
You feel very buoyant.
You fly up into the air.
You feel less confused. The orc barely misses you. Something hits you.
* * * LOW HITPOINT WARNING * * *
Unknown command.
Unknown command.
You miss something. You block the orc's attack. Something hits you.
You die...

#.# ###########.#
##...........##
######.............#
#...##..###.####.......
#.##.#.....# #.#
#...#### .....###.###.#
#..<#
#.###..##{..##.####...#
#......)o@#...........#
#####..##...#.#####...#
#...###........... .
#.#.# ####.#####.#
#..... ..# #. #.# ..#
#. #o. ...# # ##. ....
. ##.##


You could see an orc.

Vanquished Creatures
  A nameless horror (D:2)
  An orc priest (D:4)
  A scorpion zombie (D:3)
  An iguana (D:4)
  A killer bee zombie (D:4)
  A hound skeleton (D:4)
  4 adders
  2 adder zombies (D:3)
  An adder skeleton (D:4)
  3 dart slugs
  7 orcs
  6 ball pythons
  3 bats
  11 endoplasms
  2 giant cockroaches
  8 goblins
  6 hobgoblins
  4 quokkas
  6 frilled lizards
  6 kobolds
  6 rats
81 creatures vanquished.

Vanquished Creatures (collateral kills)
  A frilled lizard (D:1)
  A quokka zombie (D:3)
2 creatures vanquished.

Vanquished Creatures (others)
  5 plants (D:1)
5 creatures vanquished.

Grand Total: 88 creatures vanquished

Notes
Turn   | Place    | Note
-------+----------+-------------------------------------------
     0 | D:1      | Htamos the Octopode Summoner began the quest for the Orb.
     0 | D:1      | Reached XP level 1. HP: 11/11 MP: 3/3
   176 | D:1      | Reached XP level 2. HP: 15/17 MP: 5/5
   709 | D:1      | Reached skill level 1 in Fighting
   827 | D:1      | Reached XP level 3. HP: 12/23 MP: 6/6
  1375 | D:1      | Found a faded altar of an unknown god.
  1880 | D:2      | Learned a level 2 spell: Call Imp
  1884 | D:2      | Learned a level 3 spell: Call Canine Familiar
  2415 | D:3      | Found a transporter.
  2420 | D:3      | Reached XP level 4. HP: 29/29 MP: 7/7
  2459 | D:2      | Noticed a nameless horror
  2519 | D:2      | Killed a nameless horror
  2839 | D:3      | Noticed Tarias's ghost (amateur DsVM)
  3090 | D:3      | Found a transporter.
  3329 | D:3      | Found a basalt altar of Yredelemnul.
  3453 | D:3      | Reached XP level 5. HP: 34/35 MP: 7/9
  3461 | D:3      | Reached skill level 1 in Shields
  3639 | D:3      | Found a bloodstained altar of Trog.
  3862 | D:4      | Reached XP level 6. HP: 41/42 MP: 10/10
  3893 | D:4      | HP: 2/42 [something (4)]
  3895 | D:4      | Slain by an orc wizard

Illustrated notes

Levels and vault maps discovered:
D:1:      minmay_arrival_four_houses, layout_loops_ring,
          chequers_ecumenical_altar_lobes, minmay_surrounded
D:2:      layout_rooms, serial_glass, glass_columns_c, glass_columns_b,
          feat_on_display
D:3:      layout_rooms, lightli_temple_of_fire,
          nicolae_yredelemnul_corpse_copse, gammafunk_ghost_arena
D:4:      layout_loops_ring, serial_park_tiny_2, uniq_crazy_yiuf_cottage,
          uniq_sigmund

Skill      XL: |  1  2  3  4  5  6 |
---------------+-------------------+-----
Fighting       | 1 2 3 |  3.2
Shields        | 1 |  1.6
Dodging        | 3 |  3.1
Spellcasting   | 3 |  3.0
Stealth        | |  2.9
Summonings     | |  4.6

Action                   |  1- 3 |  4- 6 || total
-------------------------+-------+-------++-------
Melee: Unarmed           |    10 |       ||    10
       Club              |   104 |       ||   104
       Constrict         |    24 |    30 ||    54
       Tentacles         |    16 |    25 ||    41
       Dagger            |    15 |   137 ||   152
 Cast: Summon Small Mamm |     3 |     5 ||     8
       Call Imp          |       |     1 ||     1
  Use: Potion            |     1 |     5 ||     6
 Stab: Sleeping          |    13 |     4 ||    17
Armor: Skin              |    27 |    29 ||    56
Dodge: Dodged            |    57 |    57 ||   114
Block: Other             |    24 |       ||    24
       Kite shield       |     3 |    97 ||   100
       Reflection        |       |     1 ||     1

Table legend: (Time is in decaauts)
 A = Elapsed time spent in this place.
 B = Non-inter-level travel time spent in this place.
 C = Inter-level travel time spent in this place.
 D = Time resting spent in this place.
 E = Time spent auto-exploring this place.
 F = Levels seen in this place.
 G = Mean time per level.
                   A        B        C        D        E       F      G
               +--------+--------+--------+--------+--------+-----+--------+
         Total |   3971 |   3895 |     76 |    335 |   2510 |   4 |  992.8 |
       Dungeon |   3971 |   3895 |     76 |    335 |   2510 |   4 |  992.8 |
               +--------+--------+--------+--------+--------+-----+--------+

Top non-repeatable levels by time:
     D:1: 1698 daAuts
     D:2: 1142 daAuts
     D:3: 902 daAuts
     D:4: 228 daAuts
